[ AOE2 MATCH · #478986944 ]
UnrankedItalians vs Wu
[ REPLAY ANALYSIS · EXTRACTED FROM THE RECORDED GAME ]
Feudal
10:35
Castle
14:34
Imperial
31:37
| APM avg | 40.5 |
| APM peak | 78 |
| eAPM avg | 17.6 |
| Villagers / military | 134 / 86 |
Focus
⚔️ 23.3% · 🌾 76.7%
Skirmisher ×73 · Fishing Ship ×17 · Scorpion ×8 · Mangonel ×5
Feudal
10:56
Castle
14:56
Imperial
36:06
| APM avg | 46.9 |
| APM peak | 98 |
| eAPM avg | 29.4 |
| Villagers / military | 123 / 4 |
Focus
⚔️ 44.8% · 🌾 55.2%
Unknown (1968) ×139 · Fishing Ship ×23 · Unknown (1942) ×15 · Battering Ram ×2 · Demolition Raft ×2
Feudal
11:46
Castle
16:14
Imperial
29:07
| APM avg | 73.4 |
| APM peak | 97 |
| eAPM avg | 41.9 |
| Villagers / military | 117 / 121 |
Focus
⚔️ 41.8% · 🌾 58.2%
Elephant Archer ×85 · Trade Cart ×47 · Fishing Ship ×45 · Bombard Cannon ×10 · Spearman ×7 · Trebuchet (Packed) ×6
Feudal
11:56
Castle
15:32
Imperial
29:53
| APM avg | 26.4 |
| APM peak | 52 |
| eAPM avg | 14.0 |
| Villagers / military | 105 / 44 |
Focus
⚔️ 25.8% · 🌾 74.2%
Fishing Ship ×35 · Elephant Archer ×35 · Chakram Thrower ×8 · Monk ×1
Feudal
11:39
Castle
15:27
Imperial
29:16
| APM avg | 48.3 |
| APM peak | 81 |
| eAPM avg | 32.3 |
| Villagers / military | 144 / 157 |
Focus
⚔️ 35.3% · 🌾 64.7%
Scorpion ×82 · Spearman ×51 · Fishing Ship ×34 · Battering Ram ×13 · Mangonel ×6 · Trebuchet (Packed) ×3
Feudal
10:31
Castle
14:07
Imperial
29:49
| APM avg | 42.9 |
| APM peak | 78 |
| eAPM avg | 28.4 |
| Villagers / military | 160 / 114 |
Focus
⚔️ 33.2% · 🌾 66.8%
Scout Cavalry ×68 · Fishing Ship ×43 · Camel Scout ×38 · Mangonel ×4 · Trebuchet (Packed) ×2 · Battering Ram ×1
Feudal
10:36
Castle
14:23
Imperial
29:34
| APM avg | 23.6 |
| APM peak | 68 |
| eAPM avg | 15.9 |
| Villagers / military | 148 / 84 |
Focus
⚔️ 23.7% · 🌾 76.3%
Konnik ×53 · Battering Ram ×28 · Monk ×3
Feudal
10:58
Castle
14:36
Imperial
28:19
| APM avg | 40.7 |
| APM peak | 78 |
| eAPM avg | 27.7 |
| Villagers / military | 150 / 225 |
Focus
⚔️ 33.9% · 🌾 66.1%
Bolas Rider ×204 · Trebuchet (Packed) ×11 · Skirmisher ×10 · Unknown (2550) ×2
Match map
Initial resources + every placement click. Lines = walls · curves = elevation contours. ◆ gold · ⬟ stone · ● berries · ✦ relic · ◌ wall gap
Your base· ✓ Map-separated
Timbrhoggvandi's base· ✓ Map-separated
NOC | Terz's base· ✓ Map-separated
CharChar's base· ✓ Closed at 15:32 · 0t walls · 4 gate(s)
Banztenak_19's base· ✓ Closed at 15:27 · 0t walls · 3 gate(s)
flightlessbird's base· ✓ Map-separated
TrickyMicky90's base· ✓ Closed at 14:23 · 0t walls · 5 gate(s)
Alian713's base· ✓ Closed at 14:36 · 0t walls · 5 gate(s)
Smoothed initial terrain · ◌ = detected wall gap · hover for details
Inputs per minute
— SharkAoE - - Timbrhoggvandi
Build order — SharkAoE
First 150 of 296 actions detected
| 0:00 | Queue | Villager (Male) |
| 0:01 | Queue | Villager (Male) |
| 0:02 | Build | House |
| 0:04 | Build | House |
| 0:08 | Queue | Villager (Male) |
| 0:09 | Queue | Villager (Male) |
| 1:33 | Queue | Villager (Male) |
| 1:59 | Queue | Villager (Male) |
| 2:05 | Build | Lumber Camp |
| 2:17 | Queue | Villager (Male) |
| 2:48 | Queue | Villager (Male) |
| 3:10 | Queue | Villager (Male) |
| 3:26 | Build | House |
| 3:38 | Queue | Villager (Male) |
| 3:49 | Queue | Villager (Male) |
| 4:26 | Build | Dock |
| 4:33 | Queue | Villager (Male) |
| 4:33 | Queue | Villager (Male) |
| 4:39 | Build | House |
| 4:46 | Queue | Villager (Male) |
| 5:18 | Queue | Fishing Ship |
| 5:35 | Queue | Villager (Male) |
| 5:42 | Queue | Fishing Ship |
| 5:56 | Queue | Villager (Male) |
| 5:56 | Queue | Villager (Male) |
| 5:59 | Queue | Fishing Ship |
| 6:44 | Queue | Villager (Male) |
| 7:10 | Queue | Fishing Ship |
| 7:11 | Queue | Fishing Ship |
| 7:18 | Queue | Villager (Male) |
| 7:36 | Build | Mining Camp |
| 7:48 | Build | Mill |
| 7:59 | Queue | Villager (Male) |
| 8:01 | Queue | Fishing Ship |
| 8:06 | Build | House |
| 8:25 | Research | Feudal Age |
| 8:35 | Queue | Fishing Ship |
| 9:13 | Queue | Fishing Ship |
| 10:22 | Queue | Villager (Male) |
| 10:24 | Queue | Villager (Male) |
| 10:35 | Age | Feudal Age |
| 10:40 | Queue | Villager (Male) |
| 10:41 | Build | Market |
| 10:44 | Build | Blacksmith |
| 10:46 | Research | Double-Bit Axe |
| 11:02 | Queue | Fishing Ship |
| 11:26 | Queue | Villager (Male) |
| 11:54 | Research | Castle Age |
| 12:12 | Research | Tech 906 |
| 12:57 | Build | Lumber Camp |
| 13:37 | Build | Fish Trap |
| 13:39 | Build | Fish Trap |
| 13:40 | Build | Fish Trap |
| 13:44 | Build | Fish Trap |
| 13:52 | Build | Fish Trap |
| 14:29 | Queue | Villager (Male) |
| 14:29 | Queue | Villager (Male) |
| 14:34 | Age | Castle Age |
| 14:35 | Build | Town Center |
| 14:42 | Research | Wheelbarrow |
| 14:47 | Research | Bow Saw |
| 15:54 | Build | Watch Tower |
| 16:21 | Queue | Villager (Male) |
| 16:21 | Queue | Villager (Male) |
| 16:34 | Build | Siege Workshop |
| 16:35 | Queue | Villager (Male) |
| 16:35 | Queue | Villager (Male) |
| 16:41 | Build | Town Center |
| 16:43 | Queue | Villager (Male) |
| 16:55 | Queue | Villager (Male) |
| 17:05 | Build | Dock |
| 17:11 | Queue | Scorpion |
| 17:12 | Queue | Scorpion |
| 17:15 | Build | Farm |
| 17:15 | Queue | Villager (Male) |
| 17:16 | Queue | Villager (Male) |
| 17:19 | Research | Horse Collar |
| 17:21 | Build | House |
| 17:26 | Queue | Scorpion |
| 17:53 | Build | Fish Trap |
| 17:54 | Build | Fish Trap |
| 18:05 | Queue | Villager (Male) |
| 18:10 | Queue | Scorpion |
| 18:22 | Queue | Scorpion |
| 18:23 | Queue | Villager (Male) |
| 18:24 | Queue | Villager (Male) |
| 18:31 | Build | Palisade Wall |
| 18:53 | Queue | Scorpion |
| 18:55 | Queue | Villager (Male) |
| 18:56 | Queue | Villager (Male) |
| 18:59 | Build | House |
| 19:00 | Build | Farm |
| 19:01 | Build | Farm |
| 19:02 | Build | House |
| 19:19 | Queue | Scorpion |
| 19:53 | Queue | Mangonel |
| 19:54 | Queue | Villager (Male) |
| 20:05 | Queue | Villager (Male) |
| 20:05 | Queue | Villager (Male) |
| 20:08 | Build | Fish Trap |
| 20:17 | Build | House |
| 20:18 | Queue | Villager (Male) |
| 20:20 | Build | Barracks |
| 21:21 | Queue | Villager (Male) |
| 21:21 | Queue | Villager (Male) |
| 21:21 | Queue | Villager (Male) |
| 21:22 | Queue | Villager (Male) |
| 21:23 | Queue | Scorpion |
| 21:44 | Queue | Villager (Male) |
| 21:45 | Queue | Villager (Male) |
| 21:45 | Queue | Villager (Male) |
| 21:46 | Queue | Villager (Male) |
| 22:05 | Queue | Villager (Male) |
| 22:13 | Queue | Villager (Male) |
| 22:37 | Build | Lumber Camp |
| 22:43 | Queue | Villager (Male) |
| 22:43 | Queue | Villager (Male) |
| 22:47 | Build | Farm |
| 22:49 | Queue | Mangonel |
| 22:49 | Queue | Mangonel |
| 22:49 | Queue | Mangonel |
| 22:57 | Build | Town Center |
| 22:58 | Queue | Villager (Male) |
| 23:09 | Queue | Villager (Male) |
| 23:09 | Queue | Villager (Male) |
| 23:25 | Queue | Villager (Male) |
| 23:46 | Queue | Villager (Male) |
| 23:49 | Build | House |
| 23:49 | Build | House |
| 23:49 | Build | House |
| 23:50 | Build | House |
| 23:53 | Build | Archery Range |
| 23:54 | Build | Archery Range |
| 24:04 | Queue | Villager (Male) |
| 24:04 | Queue | Villager (Male) |
| 24:09 | Queue | Fishing Ship |
| 24:10 | Queue | Fishing Ship |
| 24:10 | Queue | Fishing Ship |
| 24:10 | Queue | Fishing Ship |
| 24:15 | Build | Dock |
| 24:40 | Queue | Villager (Male) |
| 24:41 | Queue | Villager (Male) |
| 24:41 | Queue | Villager (Male) |
| 24:44 | Build | House |
| 24:45 | Queue | Villager (Male) |
| 24:45 | Queue | Villager (Male) |
| 24:55 | Build | Fish Trap |
| 25:01 | Build | Fish Trap |
| 25:10 | Research | Loom |
| 25:11 | Queue | Villager (Male) |
Build order — Timbrhoggvandi
First 150 of 408 actions detected
| 0:01 | Queue | Villager (Male) |
| 0:01 | Queue | Villager (Male) |
| 0:01 | Queue | Villager (Male) |
| 0:03 | Build | House |
| 0:04 | Build | House |
| 0:11 | Queue | Villager (Male) |
| 0:11 | Queue | Villager (Male) |
| 1:26 | Queue | Villager (Male) |
| 1:52 | Queue | Villager (Male) |
| 2:00 | Build | Lumber Camp |
| 2:07 | Queue | Villager (Male) |
| 2:38 | Queue | Villager (Male) |
| 3:02 | Queue | Villager (Male) |
| 3:39 | Queue | Villager (Male) |
| 3:51 | Build | House |
| 3:54 | Queue | Villager (Male) |
| 3:59 | Build | House |
| 4:30 | Build | Dock |
| 4:33 | Queue | Villager (Male) |
| 4:33 | Queue | Villager (Male) |
| 4:58 | Build | House |
| 5:09 | Queue | Fishing Ship |
| 5:12 | Queue | Villager (Male) |
| 5:12 | Queue | Villager (Male) |
| 5:46 | Queue | Fishing Ship |
| 5:50 | Queue | Villager (Male) |
| 5:59 | Queue | Fishing Ship |
| 6:06 | Queue | Villager (Male) |
| 6:06 | Queue | Villager (Male) |
| 6:22 | Queue | Villager (Male) |
| 6:28 | Queue | Fishing Ship |
| 6:46 | Build | House |
| 7:16 | Queue | Fishing Ship |
| 7:36 | Queue | Villager (Male) |
| 7:51 | Queue | Villager (Male) |
| 7:52 | Queue | Fishing Ship |
| 7:55 | Queue | Villager (Male) |
| 8:04 | Queue | Villager (Male) |
| 8:24 | Build | Dock |
| 8:33 | Build | House |
| 8:45 | Research | Feudal Age |
| 9:00 | Queue | Fishing Ship |
| 9:00 | Queue | Fishing Ship |
| 9:09 | Queue | Fishing Ship |
| 9:09 | Queue | Fishing Ship |
| 9:16 | Queue | Fishing Ship |
| 9:16 | Queue | Fishing Ship |
| 9:31 | Build | Mining Camp |
| 10:17 | Queue | Villager (Male) |
| 10:18 | Queue | Villager (Male) |
| 10:27 | Queue | Fishing Ship |
| 10:30 | Queue | Fishing Ship |
| 10:30 | Queue | Fishing Ship |
| 10:43 | Build | House |
| 10:56 | Age | Feudal Age |
| 11:01 | Build | Blacksmith |
| 11:11 | Build | Mill |
| 11:43 | Build | Market |
| 11:44 | Queue | Villager (Male) |
| 12:08 | Build | Mining Camp |
| 12:16 | Research | Castle Age |
| 12:22 | Research | Loom |
| 12:43 | Build | Fish Trap |
| 13:12 | Build | Fish Trap |
| 13:38 | Research | Double-Bit Axe |
| 13:38 | Research | Double-Bit Axe |
| 13:55 | Build | Fish Trap |
| 14:16 | Build | Fish Trap |
| 14:37 | Build | Fish Trap |
| 14:56 | Age | Castle Age |
| 15:01 | Queue | Villager (Male) |
| 15:11 | Build | Fish Trap |
| 15:18 | Queue | Villager (Male) |
| 15:31 | Build | Castle |
| 15:32 | Build | Mining Camp |
| 15:39 | Build | Castle |
| 15:42 | Queue | Villager (Male) |
| 15:50 | Build | Palisade Wall |
| 15:54 | Build | Palisade Wall |
| 15:56 | Build | Palisade Wall |
| 16:02 | Build | House |
| 16:11 | Build | Fish Trap |
| 16:12 | Queue | Villager (Male) |
| 16:25 | Build | Fish Trap |
| 16:37 | Build | Fish Trap |
| 16:47 | Queue | Unit 1968 |
| 16:48 | Queue | Unit 1968 |
| 16:51 | Queue | Unit 1968 |
| 16:52 | Queue | Villager (Male) |
| 16:52 | Queue | Villager (Male) |
| 17:00 | Build | Fish Trap |
| 17:03 | Queue | Villager (Male) |
| 17:03 | Queue | Villager (Male) |
| 17:18 | Queue | Unit 1968 |
| 17:18 | Queue | Unit 1968 |
| 17:28 | Research | Fletching |
| 17:28 | Research | Fletching |
| 17:29 | Queue | Villager (Male) |
| 17:30 | Queue | Unit 1968 |
| 17:35 | Queue | Unit 1968 |
| 17:37 | Queue | Villager (Male) |
| 17:45 | Queue | Unit 1968 |
| 18:05 | Queue | Demolition Raft |
| 18:05 | Queue | Demolition Raft |
| 18:09 | Queue | Fishing Ship ×2 |
| 18:15 | Queue | Unit 1968 |
| 18:19 | Queue | Fishing Ship |
| 18:26 | Queue | Unit 1968 |
| 18:26 | Queue | Unit 1968 |
| 18:35 | Queue | Unit 1968 |
| 18:35 | Queue | Unit 1968 |
| 18:40 | Research | Bodkin Arrow |
| 18:41 | Queue | Villager (Male) |
| 18:41 | Queue | Villager (Male) |
| 18:51 | Queue | Unit 1968 |
| 18:52 | Queue | Unit 1968 |
| 18:52 | Queue | Unit 1968 |
| 19:10 | Build | Fish Trap |
| 19:13 | Queue | Unit 1968 |
| 19:39 | Queue | Unit 1968 |
| 19:39 | Queue | Unit 1968 |
| 19:47 | Queue | Unit 1968 |
| 19:47 | Queue | Unit 1968 |
| 19:48 | Queue | Villager (Male) |
| 19:53 | Queue | Unit 1968 |
| 19:55 | Queue | Villager (Male) |
| 19:55 | Queue | Villager (Male) |
| 19:58 | Queue | Unit 1968 |
| 20:24 | Build | Castle |
| 20:37 | Queue | Unit 1968 |
| 20:37 | Queue | Unit 1968 |
| 20:38 | Queue | Villager (Male) |
| 20:51 | Queue | Unit 1968 |
| 20:54 | Queue | Villager (Male) |
| 20:54 | Queue | Villager (Male) |
| 20:54 | Queue | Villager (Male) |
| 21:10 | Queue | Unit 1968 |
| 21:10 | Queue | Unit 1968 |
| 21:19 | Queue | Unit 1968 |
| 21:34 | Build | Fish Trap |
| 21:37 | Queue | Fishing Ship |
| 21:43 | Queue | Unit 1968 |
| 21:43 | Queue | Unit 1968 |
| 21:54 | Queue | Unit 1968 |
| 22:07 | Queue | Unit 1968 |
| 22:07 | Queue | Unit 1968 |
| 22:08 | Queue | Unit 1968 |
| 22:08 | Queue | Villager (Male) |
| 22:09 | Queue | Villager (Male) |
| 22:13 | Queue | Villager (Male) |
Build order — NOC | Terz
First 150 of 520 actions detected
| 0:01 | Queue | Villager (Male) |
| 0:01 | Queue | Villager (Male) |
| 0:02 | Queue | Villager (Male) |
| 0:02 | Queue | Villager (Male) |
| 0:03 | Build | House |
| 0:04 | Build | House |
| 1:20 | Build | Lumber Camp |
| 1:23 | Queue | Villager (Male) |
| 1:50 | Queue | Villager (Male) |
| 1:50 | Queue | Villager (Male) |
| 2:15 | Queue | Villager (Male) |
| 2:15 | Queue | Villager (Male) |
| 2:37 | Queue | Villager (Male) |
| 2:38 | Queue | Villager (Male) |
| 3:10 | Queue | Villager (Male) |
| 3:28 | Queue | Villager (Male) |
| 3:46 | Build | Dock |
| 4:00 | Queue | Villager (Male) |
| 4:26 | Queue | Villager (Male) |
| 4:26 | Queue | Villager (Male) |
| 4:27 | Queue | Fishing Ship |
| 4:27 | Queue | Fishing Ship |
| 4:50 | Queue | Villager (Male) |
| 4:51 | Queue | Villager (Male) |
| 5:01 | Build | Lumber Camp |
| 5:22 | Build | House |
| 5:26 | Queue | Villager (Male) |
| 5:42 | Build | House |
| 5:50 | Queue | Villager (Male) |
| 5:51 | Queue | Villager (Male) |
| 5:51 | Queue | Villager (Male) |
| 5:52 | Queue | Fishing Ship |
| 5:52 | Queue | Fishing Ship |
| 6:11 | Queue | Villager (Male) |
| 6:19 | Queue | Fishing Ship |
| 6:22 | Build | House |
| 6:26 | Queue | Villager (Male) |
| 6:56 | Queue | Villager (Male) |
| 6:56 | Queue | Villager (Male) |
| 6:56 | Queue | Villager (Male) |
| 7:03 | Queue | Fishing Ship |
| 7:22 | Queue | Villager (Male) |
| 7:23 | Queue | Villager (Male) |
| 7:49 | Build | Dock |
| 7:52 | Queue | Fishing Ship |
| 8:08 | Queue | Fishing Ship |
| 8:18 | Queue | Villager (Male) |
| 8:28 | Queue | Fishing Ship |
| 8:40 | Build | Mining Camp |
| 8:44 | Queue | Villager (Male) |
| 8:58 | Queue | Villager (Male) |
| 9:11 | Queue | Fishing Ship |
| 9:20 | Queue | Fishing Ship |
| 9:33 | Research | Feudal Age |
| 9:33 | Research | Feudal Age |
| 9:33 | Research | Feudal Age |
| 9:57 | Build | Mill |
| 10:18 | Build | House |
| 10:24 | Build | Barracks |
| 10:40 | Queue | Villager (Male) |
| 10:40 | Queue | Villager (Male) |
| 11:11 | Queue | Fishing Ship |
| 11:11 | Queue | Fishing Ship |
| 11:46 | Age | Feudal Age |
| 11:51 | Build | Blacksmith |
| 11:56 | Build | Fish Trap |
| 11:58 | Build | Fish Trap |
| 12:01 | Build | Archery Range |
| 12:23 | Build | Fish Trap |
| 12:39 | Queue | Villager (Male) |
| 12:43 | Build | House |
| 12:49 | Build | Fish Trap |
| 13:08 | Build | Fish Trap |
| 13:25 | Build | Fish Trap |
| 13:34 | Research | Castle Age |
| 13:34 | Research | Castle Age |
| 13:39 | Queue | Archer |
| 13:50 | Build | Fish Trap |
| 14:02 | Queue | Archer |
| 14:17 | Build | Fish Trap |
| 14:19 | Build | Fish Trap |
| 14:36 | Research | Tech 906 |
| 14:36 | Research | Tech 906 |
| 14:44 | Build | Fish Trap |
| 15:00 | Research | Double-Bit Axe |
| 15:13 | Build | Fish Trap |
| 15:30 | Queue | Fishing Ship |
| 15:30 | Queue | Fishing Ship |
| 15:33 | Research | Fletching |
| 15:33 | Research | Fletching |
| 15:47 | Queue | Villager (Male) |
| 16:14 | Age | Castle Age |
| 16:16 | Build | Town Center |
| 16:17 | Build | Monastery |
| 16:29 | Queue | Villager (Male) |
| 16:44 | Build | Town Center |
| 16:53 | Queue | Villager (Male) |
| 17:02 | Queue | Monk |
| 17:11 | Queue | Elephant Archer |
| 17:15 | Build | Fish Trap |
| 17:15 | Queue | Villager (Male) |
| 17:18 | Queue | Fishing Ship |
| 17:18 | Queue | Fishing Ship |
| 17:30 | Research | Bow Saw |
| 17:30 | Research | Bow Saw |
| 17:33 | Queue | Villager (Male) |
| 17:50 | Research | Gillnets |
| 17:50 | Research | Gillnets |
| 17:53 | Queue | Villager (Male) |
| 17:54 | Queue | Villager (Male) |
| 17:54 | Queue | Villager (Male) |
| 17:55 | Queue | Fishing Ship |
| 17:55 | Queue | Fishing Ship |
| 17:57 | Build | House |
| 18:00 | Queue | Villager (Male) |
| 18:00 | Queue | Villager (Male) |
| 18:01 | Build | House |
| 18:02 | Build | House |
| 18:07 | Queue | Elephant Archer |
| 18:07 | Queue | Elephant Archer |
| 18:15 | Build | Fish Trap |
| 18:18 | Queue | Villager (Male) |
| 18:19 | Queue | Villager (Male) |
| 18:21 | Queue | Fishing Ship |
| 18:21 | Queue | Fishing Ship |
| 18:32 | Queue | Monk |
| 18:38 | Build | House |
| 18:39 | Build | House |
| 18:40 | Build | Fish Trap |
| 18:45 | Build | Dock |
| 18:55 | Queue | Villager (Male) |
| 18:55 | Queue | Villager (Male) |
| 18:55 | Queue | Villager (Male) |
| 18:56 | Queue | Villager (Male) |
| 18:56 | Queue | Villager (Male) |
| 18:57 | Queue | Fishing Ship |
| 18:57 | Queue | Fishing Ship |
| 18:58 | Queue | Elephant Archer |
| 18:58 | Queue | Elephant Archer |
| 19:01 | Build | Fish Trap |
| 19:12 | Build | House |
| 19:14 | Build | House |
| 19:17 | Queue | Monk |
| 19:21 | Queue | Fishing Ship |
| 19:21 | Queue | Fishing Ship |
| 19:24 | Queue | Fishing Ship |
| 19:25 | Queue | Fishing Ship |
| 19:35 | Build | Fish Trap |
| 19:39 | Build | Dock |
| 19:50 | Build | Fish Trap |
Build order — CharChar
First 150 of 285 actions detected
| 0:02 | Queue | Villager (Male) |
| 0:02 | Queue | Villager (Male) |
| 0:02 | Queue | Villager (Male) |
| 0:06 | Build | House |
| 0:17 | Build | Mill |
| 0:20 | Build | House |
| 0:32 | Queue | Villager (Male) |
| 1:46 | Queue | Villager (Male) |
| 1:58 | Queue | Villager (Male) |
| 2:26 | Queue | Villager (Male) |
| 2:30 | Build | Lumber Camp |
| 3:05 | Queue | Villager (Male) |
| 3:31 | Queue | Villager (Male) |
| 3:55 | Queue | Villager (Male) |
| 4:04 | Build | House |
| 4:25 | Queue | Villager (Male) |
| 4:31 | Queue | Villager (Male) |
| 5:12 | Queue | Villager (Male) |
| 5:12 | Queue | Villager (Male) |
| 5:40 | Build | House |
| 5:48 | Queue | Villager (Male) |
| 6:29 | Build | Dock |
| 6:32 | Queue | Villager (Male) |
| 7:01 | Queue | Villager (Male) |
| 7:22 | Queue | Fishing Ship |
| 7:30 | Queue | Villager (Male) |
| 7:34 | Build | House |
| 7:57 | Queue | Villager (Male) |
| 8:15 | Queue | Villager (Male) |
| 8:16 | Queue | Fishing Ship |
| 8:20 | Queue | Fishing Ship |
| 8:56 | Queue | Villager (Male) |
| 9:21 | Queue | Villager (Male) |
| 9:23 | Build | Mining Camp |
| 9:33 | Research | Feudal Age |
| 10:33 | Build | House |
| 11:56 | Age | Feudal Age |
| 11:58 | Build | Blacksmith |
| 11:59 | Queue | Villager (Male) |
| 12:02 | Build | Market |
| 12:08 | Research | Double-Bit Axe |
| 12:13 | Research | Tech 906 |
| 12:27 | Queue | Villager (Male) |
| 12:46 | Build | Lumber Camp |
| 12:51 | Research | Castle Age |
| 13:32 | Build | Dock |
| 13:55 | Queue | Fishing Ship |
| 13:57 | Queue | Fishing Ship |
| 14:10 | Queue | Fishing Ship |
| 14:38 | Queue | Fishing Ship |
| 14:38 | Queue | Fishing Ship |
| 14:53 | Build | House |
| 15:27 | Build | Dock |
| 15:32 | Age | Castle Age |
| 15:40 | Build | Dock |
| 15:43 | Queue | Fishing Ship |
| 15:49 | Research | Bow Saw |
| 15:50 | Queue | Villager (Male) |
| 16:03 | Queue | Villager (Male) |
| 16:06 | Research | Gillnets |
| 16:12 | Build | Town Center |
| 16:34 | Queue | Fishing Ship |
| 16:34 | Queue | Fishing Ship |
| 16:38 | Build | House |
| 16:43 | Build | Fish Trap |
| 17:02 | Build | Fish Trap |
| 17:05 | Build | Fish Trap |
| 17:13 | Build | Fish Trap |
| 17:20 | Queue | Villager (Male) |
| 17:21 | Queue | Villager (Male) |
| 17:24 | Build | Fish Trap |
| 17:37 | Build | House |
| 17:42 | Build | Fish Trap |
| 17:45 | Build | Fish Trap |
| 17:52 | Build | Fish Trap |
| 17:54 | Queue | Villager (Male) |
| 17:54 | Queue | Villager (Male) |
| 17:54 | Queue | Villager (Male) |
| 17:54 | Queue | Villager (Male) |
| 17:55 | Queue | Villager (Male) |
| 17:55 | Queue | Villager (Male) |
| 17:55 | Queue | Villager (Male) |
| 18:05 | Build | Fish Trap |
| 18:23 | Build | Fish Trap |
| 18:38 | Queue | Fishing Ship |
| 18:38 | Queue | Fishing Ship |
| 18:39 | Queue | Fishing Ship |
| 18:45 | Build | Fish Trap |
| 18:51 | Build | House |
| 18:53 | Build | House |
| 18:59 | Queue | Villager (Male) |
| 19:00 | Queue | Villager (Male) |
| 19:01 | Queue | Fishing Ship |
| 19:17 | Queue | Fishing Ship |
| 19:17 | Queue | Fishing Ship |
| 19:31 | Build | Fish Trap |
| 19:36 | Build | Fish Trap |
| 19:44 | Build | Fish Trap |
| 19:58 | Build | Lumber Camp |
| 20:05 | Research | Wheelbarrow |
| 20:06 | Queue | Villager (Male) |
| 20:06 | Queue | Villager (Male) |
| 20:10 | Queue | Fishing Ship |
| 20:16 | Build | Fish Trap |
| 20:22 | Build | Fish Trap |
| 20:36 | Queue | Fishing Ship |
| 20:36 | Queue | Fishing Ship |
| 20:37 | Queue | Fishing Ship |
| 20:39 | Queue | Fishing Ship |
| 20:41 | Queue | Villager (Male) |
| 20:42 | Queue | Villager (Male) |
| 20:56 | Build | Fish Trap |
| 20:58 | Build | Fish Trap |
| 21:16 | Research | Horse Collar |
| 21:21 | Build | House |
| 21:43 | Queue | Villager (Male) |
| 21:43 | Queue | Villager (Male) |
| 21:49 | Build | Town Center |
| 21:56 | Build | Fish Trap |
| 22:00 | Build | Fish Trap |
| 22:03 | Build | House |
| 22:08 | Build | Fish Trap |
| 22:10 | Queue | Fishing Ship |
| 22:10 | Queue | Fishing Ship |
| 22:10 | Queue | Fishing Ship |
| 22:11 | Queue | Villager (Male) |
| 22:17 | Build | House |
| 22:18 | Build | House |
| 22:19 | Build | House |
| 22:23 | Build | Fish Trap |
| 22:31 | Queue | Fishing Ship |
| 22:31 | Queue | Fishing Ship |
| 22:31 | Queue | Fishing Ship |
| 22:33 | Queue | Villager (Male) |
| 22:33 | Queue | Villager (Male) |
| 22:47 | Build | Monastery |
| 23:20 | Build | Fish Trap |
| 23:20 | Build | Fish Trap |
| 23:22 | Build | Fish Trap |
| 23:54 | Build | Dock |
| 23:59 | Build | Fish Trap |
| 24:00 | Build | Fish Trap |
| 24:01 | Build | Fish Trap |
| 24:03 | Build | Fish Trap |
| 24:03 | Build | Fish Trap |
| 24:05 | Build | Fish Trap |
| 24:07 | Queue | Fishing Ship |
| 24:07 | Queue | Fishing Ship |
| 24:07 | Queue | Fishing Ship |
| 24:08 | Queue | Fishing Ship |
Build order — Banztenak_19
First 150 of 485 actions detected
| 0:02 | Queue | Villager (Male) |
| 0:03 | Queue | Villager (Male) |
| 0:08 | Build | Dock |
| 0:19 | Build | House |
| 0:20 | Build | House |
| 0:23 | Queue | Villager (Male) |
| 1:11 | Queue | Villager (Male) |
| 1:11 | Queue | Villager (Male) |
| 1:57 | Queue | Villager (Male) |
| 1:58 | Queue | Villager (Male) |
| 2:36 | Queue | Villager (Male) |
| 2:37 | Queue | Villager (Male) |
| 2:39 | Queue | Fishing Ship |
| 3:08 | Queue | Villager (Male) |
| 3:09 | Queue | Villager (Male) |
| 3:35 | Queue | Villager (Male) |
| 3:35 | Queue | Villager (Male) |
| 3:59 | Queue | Villager (Male) |
| 3:59 | Queue | Villager (Male) |
| 4:16 | Build | Lumber Camp |
| 4:20 | Queue | Villager (Male) |
| 4:20 | Queue | Villager (Male) |
| 4:37 | Queue | Villager (Male) |
| 4:37 | Queue | Villager (Male) |
| 5:06 | Queue | Villager (Male) |
| 5:06 | Queue | Villager (Male) |
| 5:14 | Queue | Fishing Ship |
| 5:14 | Queue | Fishing Ship |
| 5:14 | Queue | Fishing Ship |
| 5:40 | Queue | Villager (Male) |
| 5:52 | Build | House |
| 5:53 | Build | House |
| 6:07 | Queue | Villager (Male) |
| 6:30 | Queue | Fishing Ship |
| 6:35 | Queue | Villager (Male) |
| 6:41 | Build | Mill |
| 6:58 | Queue | Villager (Male) |
| 7:06 | Queue | Villager (Male) |
| 7:19 | Queue | Fishing Ship |
| 7:32 | Queue | Villager (Male) |
| 7:53 | Queue | Villager (Male) |
| 8:17 | Build | Mining Camp |
| 8:31 | Queue | Fishing Ship |
| 8:31 | Queue | Fishing Ship |
| 9:04 | Queue | Villager (Male) |
| 9:09 | Queue | Fishing Ship |
| 9:28 | Research | Feudal Age |
| 9:29 | Research | Feudal Age |
| 9:29 | Research | Feudal Age |
| 9:31 | Queue | Fishing Ship |
| 9:56 | Build | House |
| 9:59 | Queue | Fishing Ship |
| 11:39 | Age | Feudal Age |
| 11:40 | Queue | Villager (Male) |
| 11:41 | Queue | Villager (Male) |
| 11:45 | Build | Market |
| 11:48 | Build | Blacksmith |
| 12:00 | Build | Fish Trap |
| 12:05 | Build | Fish Trap |
| 12:15 | Build | Fish Trap |
| 12:41 | Build | Fish Trap |
| 12:47 | Research | Castle Age |
| 12:47 | Research | Castle Age |
| 12:47 | Research | Castle Age |
| 13:08 | Build | Fish Trap |
| 13:29 | Build | Fish Trap |
| 13:41 | Research | Double-Bit Axe |
| 13:41 | Research | Double-Bit Axe |
| 13:53 | Build | House |
| 13:54 | Build | House |
| 14:16 | Build | Fish Trap |
| 14:33 | Build | Fish Trap |
| 15:27 | Age | Castle Age |
| 15:30 | Build | Town Center |
| 15:33 | Queue | Villager (Male) |
| 15:46 | Research | Bow Saw |
| 15:46 | Research | Bow Saw |
| 15:50 | Queue | Villager (Male) |
| 15:55 | Research | Tech 906 |
| 15:56 | Research | Tech 906 |
| 15:59 | Queue | Villager (Male) |
| 16:28 | Queue | Villager (Male) |
| 16:30 | Queue | Villager (Male) |
| 16:44 | Queue | Villager (Male) |
| 16:49 | Queue | Villager (Male) |
| 16:53 | Build | Town Center |
| 16:56 | Research | Horse Collar |
| 17:03 | Queue | Villager (Male) |
| 17:12 | Queue | Villager (Male) |
| 17:17 | Research | Gillnets |
| 17:17 | Research | Gillnets |
| 17:26 | Queue | Villager (Male) |
| 17:32 | Queue | Villager (Male) |
| 17:43 | Queue | Fishing Ship |
| 17:52 | Queue | Villager (Male) |
| 17:58 | Queue | Villager (Male) |
| 18:00 | Queue | Fishing Ship |
| 18:09 | Build | Dock |
| 18:11 | Queue | Villager (Male) |
| 18:18 | Build | House |
| 18:19 | Build | House |
| 18:26 | Queue | Villager (Male) |
| 18:26 | Queue | Villager (Male) |
| 18:34 | Queue | Villager (Male) |
| 18:41 | Build | Monastery |
| 18:48 | Build | House |
| 18:49 | Queue | Villager (Male) |
| 19:00 | Queue | Fishing Ship |
| 19:04 | Build | Fish Trap |
| 19:08 | Queue | Fishing Ship |
| 19:13 | Build | Fish Trap |
| 19:14 | Queue | Villager (Male) |
| 19:15 | Queue | Villager (Male) |
| 19:25 | Queue | Monk |
| 19:27 | Queue | Villager (Male) |
| 19:32 | Queue | Villager (Male) |
| 19:36 | Build | Siege Workshop |
| 19:38 | Queue | Villager (Male) |
| 19:48 | Build | Fish Trap |
| 19:53 | Queue | Fishing Ship |
| 20:06 | Build | Dock |
| 20:11 | Build | Dock |
| 20:12 | Queue | Villager (Male) |
| 20:16 | Build | House |
| 20:16 | Build | House |
| 20:18 | Queue | Monk |
| 20:25 | Queue | Villager (Male) |
| 20:37 | Build | Fish Trap |
| 20:39 | Queue | Fishing Ship |
| 20:40 | Queue | Villager (Male) |
| 20:40 | Queue | Villager (Male) |
| 20:41 | Queue | Villager (Male) |
| 20:45 | Build | Farm |
| 20:45 | Build | Farm |
| 20:46 | Build | Farm |
| 20:47 | Build | Farm |
| 20:50 | Build | House |
| 20:56 | Queue | Fishing Ship |
| 20:57 | Queue | Fishing Ship |
| 20:58 | Queue | Fishing Ship |
| 20:59 | Queue | Villager (Male) |
| 21:20 | Queue | Villager (Male) |
| 21:45 | Queue | Villager (Male) |
| 21:45 | Queue | Villager (Male) |
| 21:48 | Queue | Villager (Male) |
| 21:49 | Queue | Fishing Ship |
| 21:49 | Queue | Fishing Ship |
| 21:50 | Queue | Fishing Ship |
| 21:50 | Queue | Fishing Ship |
| 21:51 | Build | Fish Trap |
Build order — flightlessbird
First 150 of 491 actions detected
| 0:01 | Queue | Villager (Male) |
| 0:01 | Queue | Villager (Male) |
| 0:01 | Queue | Villager (Male) |
| 0:02 | Build | House |
| 0:04 | Build | House |
| 0:04 | Queue | Villager (Male) |
| 0:04 | Queue | Villager (Male) |
| 1:26 | Queue | Villager (Male) |
| 1:26 | Queue | Villager (Male) |
| 1:41 | Build | Dock |
| 1:56 | Queue | Villager (Male) |
| 2:20 | Queue | Villager (Male) |
| 2:20 | Queue | Villager (Male) |
| 2:49 | Queue | Villager (Male) |
| 2:49 | Queue | Villager (Male) |
| 3:05 | Queue | Fishing Ship |
| 3:19 | Queue | Villager (Male) |
| 3:25 | Build | House |
| 3:38 | Queue | Villager (Male) |
| 3:38 | Queue | Villager (Male) |
| 4:11 | Queue | Villager (Male) |
| 4:11 | Queue | Villager (Male) |
| 4:11 | Queue | Fishing Ship |
| 4:31 | Queue | Villager (Male) |
| 4:31 | Queue | Villager (Male) |
| 4:52 | Queue | Villager (Male) |
| 4:52 | Queue | Villager (Male) |
| 4:56 | Build | Lumber Camp |
| 4:58 | Build | House |
| 5:18 | Queue | Villager (Male) |
| 5:24 | Queue | Fishing Ship |
| 5:25 | Queue | Fishing Ship |
| 5:36 | Queue | Villager (Male) |
| 6:08 | Queue | Villager (Male) |
| 6:14 | Queue | Fishing Ship |
| 6:22 | Build | House |
| 6:31 | Queue | Villager (Male) |
| 6:43 | Queue | Fishing Ship |
| 7:01 | Queue | Villager (Male) |
| 7:20 | Queue | Fishing Ship |
| 7:24 | Queue | Villager (Male) |
| 7:39 | Queue | Fishing Ship |
| 7:52 | Queue | Villager (Male) |
| 7:53 | Build | House |
| 8:01 | Build | Mill |
| 8:20 | Research | Feudal Age |
| 8:30 | Queue | Fishing Ship |
| 9:17 | Build | House |
| 10:17 | Queue | Villager (Male) |
| 10:18 | Queue | Villager (Male) |
| 10:31 | Age | Feudal Age |
| 10:33 | Build | Market |
| 10:35 | Build | Blacksmith |
| 10:38 | Research | Double-Bit Axe |
| 10:38 | Research | Double-Bit Axe |
| 10:50 | Build | Fish Trap |
| 10:59 | Build | Fish Trap |
| 11:09 | Build | Fish Trap |
| 11:27 | Research | Castle Age |
| 12:01 | Build | Lumber Camp |
| 12:25 | Build | Fish Trap |
| 12:42 | Build | Fish Trap |
| 13:00 | Build | Fish Trap |
| 13:07 | Research | Tech 906 |
| 13:17 | Queue | Villager (Male) |
| 13:43 | Build | Dock |
| 14:00 | Build | Fish Trap |
| 14:07 | Age | Castle Age |
| 14:10 | Build | Town Center |
| 14:16 | Queue | Villager (Male) |
| 14:33 | Build | Fish Trap |
| 14:39 | Queue | Villager (Male) |
| 14:58 | Build | Town Center |
| 15:14 | Queue | Villager (Male) |
| 15:19 | Build | House |
| 15:28 | Research | Gillnets |
| 15:33 | Queue | Villager (Male) |
| 15:40 | Queue | Fishing Ship |
| 15:40 | Queue | Fishing Ship |
| 15:50 | Queue | Villager (Male) |
| 15:57 | Queue | Villager (Male) |
| 16:00 | Queue | Fishing Ship |
| 16:08 | Queue | Villager (Male) |
| 16:15 | Queue | Villager (Male) |
| 16:20 | Queue | Villager (Male) |
| 16:21 | Queue | Villager (Male) |
| 16:21 | Queue | Villager (Male) |
| 16:26 | Build | Fish Trap |
| 16:27 | Queue | Fishing Ship |
| 16:34 | Build | Dock |
| 16:37 | Queue | Villager (Male) |
| 16:55 | Queue | Villager (Male) |
| 17:06 | Build | Dock |
| 17:08 | Queue | Villager (Male) |
| 17:11 | Build | Fish Trap |
| 17:13 | Queue | Fishing Ship |
| 17:13 | Queue | Fishing Ship |
| 17:15 | Queue | Villager (Male) |
| 17:15 | Queue | Villager (Male) |
| 17:15 | Queue | Villager (Male) |
| 17:20 | Queue | Fishing Ship |
| 17:22 | Build | House |
| 17:24 | Queue | Villager (Male) |
| 17:27 | Build | House |
| 17:28 | Build | House |
| 17:29 | Build | House |
| 17:37 | Queue | Villager (Male) |
| 17:40 | Queue | Fishing Ship |
| 17:47 | Build | Fish Trap |
| 17:50 | Build | House |
| 17:53 | Research | Double-Bit Axe |
| 18:12 | Build | Fish Trap |
| 18:14 | Queue | Villager (Male) |
| 18:14 | Queue | Villager (Male) |
| 18:20 | Queue | Villager (Male) |
| 18:20 | Queue | Villager (Male) |
| 18:22 | Build | Fish Trap |
| 18:25 | Build | Fish Trap |
| 18:30 | Build | House |
| 18:32 | Build | House |
| 18:34 | Queue | Villager (Male) |
| 18:34 | Queue | Villager (Male) |
| 18:34 | Queue | Villager (Male) |
| 18:51 | Queue | Villager (Male) |
| 18:51 | Queue | Villager (Male) |
| 18:53 | Queue | Fishing Ship |
| 18:53 | Queue | Fishing Ship |
| 18:54 | Queue | Fishing Ship |
| 19:00 | Queue | Villager (Male) |
| 19:05 | Build | House |
| 19:06 | Build | House |
| 19:13 | Build | Dock |
| 19:15 | Queue | Villager (Male) |
| 19:15 | Queue | Villager (Male) |
| 19:20 | Build | Town Center |
| 19:25 | Queue | Villager (Male) |
| 19:25 | Queue | Villager (Male) |
| 19:29 | Queue | Fishing Ship |
| 19:29 | Queue | Fishing Ship |
| 19:31 | Queue | Villager (Male) |
| 19:31 | Queue | Villager (Male) |
| 19:31 | Queue | Villager (Male) |
| 19:33 | Build | House |
| 19:36 | Build | House |
| 19:37 | Build | House |
| 19:44 | Build | Fish Trap |
| 19:47 | Build | Fish Trap |
| 19:50 | Queue | Villager (Male) |
| 19:51 | Queue | Villager (Male) |
| 19:51 | Queue | Villager (Male) |
Build order — TrickyMicky90
First 150 of 317 actions detected
| 0:01 | Queue | Villager (Male) |
| 0:01 | Queue | Villager (Male) |
| 0:01 | Queue | Villager (Male) |
| 0:03 | Build | House |
| 0:04 | Build | House |
| 0:13 | Queue | Villager (Male) |
| 0:14 | Queue | Villager (Male) |
| 1:25 | Queue | Villager (Male) |
| 1:26 | Queue | Villager (Male) |
| 1:55 | Build | Lumber Camp |
| 2:11 | Queue | Villager (Male) |
| 2:11 | Queue | Villager (Male) |
| 2:19 | Queue | Villager (Male) |
| 2:19 | Queue | Villager (Male) |
| 2:46 | Build | House |
| 2:52 | Queue | Villager (Male) |
| 2:53 | Queue | Villager (Male) |
| 3:13 | Queue | Villager (Male) |
| 3:13 | Queue | Villager (Male) |
| 3:48 | Queue | Villager (Male) |
| 3:48 | Queue | Villager (Male) |
| 3:51 | Queue | Villager (Male) |
| 4:30 | Queue | Villager (Male) |
| 4:30 | Queue | Villager (Male) |
| 4:34 | Build | Mill |
| 4:51 | Build | House |
| 4:57 | Queue | Villager (Male) |
| 4:57 | Queue | Villager (Male) |
| 4:57 | Queue | Villager (Male) |
| 5:37 | Queue | Villager (Male) |
| 5:41 | Build | House |
| 5:52 | Queue | Villager (Male) |
| 6:35 | Queue | Villager (Male) |
| 7:00 | Queue | Villager (Male) |
| 7:15 | Queue | Villager (Male) |
| 7:27 | Build | Farm |
| 7:31 | Build | Farm |
| 7:32 | Queue | Villager (Male) |
| 8:09 | Build | Mining Camp |
| 8:26 | Research | Feudal Age |
| 8:42 | Queue | Villager (Male) |
| 8:42 | Queue | Villager (Male) |
| 10:36 | Age | Feudal Age |
| 10:39 | Build | Market |
| 10:42 | Build | Blacksmith |
| 10:51 | Build | Farm |
| 11:43 | Research | Castle Age |
| 11:43 | Research | Castle Age |
| 12:19 | Research | Double-Bit Axe |
| 12:35 | Build | House |
| 12:43 | Research | Horse Collar |
| 13:40 | Queue | Villager (Male) |
| 14:23 | Age | Castle Age |
| 14:25 | Build | Town Center |
| 14:32 | Build | Town Center |
| 14:33 | Research | Bow Saw |
| 14:39 | Queue | Villager (Male) |
| 14:54 | Build | Farm |
| 15:07 | Queue | Villager (Male) |
| 15:23 | Build | Farm |
| 15:25 | Queue | Villager (Male) |
| 15:32 | Build | Farm |
| 15:34 | Queue | Villager (Male) |
| 15:34 | Research | Loom |
| 15:42 | Build | Farm |
| 15:52 | Queue | Villager (Male) |
| 15:57 | Build | Farm |
| 15:58 | Queue | Villager (Male) |
| 15:59 | Queue | Villager (Male) |
| 16:11 | Build | Farm |
| 16:12 | Queue | Villager (Male) |
| 16:15 | Build | Farm |
| 16:20 | Queue | Villager (Male) |
| 16:22 | Build | Farm |
| 16:33 | Build | Farm |
| 16:36 | Queue | Villager (Male) |
| 16:40 | Build | Farm |
| 16:42 | Build | Farm |
| 16:48 | Build | Farm |
| 16:49 | Queue | Villager (Male) |
| 16:53 | Queue | Villager (Male) |
| 16:54 | Queue | Villager (Male) |
| 17:00 | Build | Farm |
| 17:02 | Queue | Villager (Male) |
| 17:06 | Build | Farm |
| 17:11 | Queue | Villager (Male) |
| 17:22 | Queue | Villager (Male) |
| 17:28 | Queue | Villager (Male) |
| 17:35 | Build | Monastery |
| 17:41 | Queue | Villager (Male) |
| 17:50 | Build | Farm |
| 17:53 | Queue | Villager (Male) |
| 17:54 | Queue | Villager (Male) |
| 17:56 | Build | Farm |
| 17:57 | Queue | Villager (Male) |
| 18:03 | Build | House |
| 18:07 | Build | House |
| 18:08 | Build | House |
| 18:09 | Build | House |
| 18:10 | Build | House |
| 18:13 | Queue | Villager (Male) |
| 18:14 | Build | Farm |
| 18:23 | Queue | Villager (Male) |
| 18:29 | Queue | Villager (Male) |
| 18:36 | Queue | Villager (Male) |
| 18:44 | Queue | Monk |
| 18:45 | Queue | Monk |
| 18:59 | Queue | Villager (Male) |
| 18:59 | Queue | Villager (Male) |
| 18:59 | Queue | Villager (Male) |
| 19:04 | Build | Farm |
| 19:07 | Build | Farm |
| 19:10 | Build | Farm |
| 19:16 | Build | Farm |
| 19:17 | Queue | Villager (Male) |
| 19:18 | Queue | Villager (Male) |
| 19:19 | Build | Farm |
| 19:23 | Build | Farm |
| 19:24 | Queue | Villager (Male) |
| 19:24 | Queue | Villager (Male) |
| 19:26 | Build | Farm |
| 19:31 | Build | Farm |
| 19:34 | Build | Farm |
| 19:37 | Queue | Villager (Male) |
| 19:42 | Queue | Villager (Male) |
| 19:56 | Queue | Villager (Male) |
| 20:06 | Build | Farm |
| 20:08 | Queue | Villager (Male) |
| 20:08 | Queue | Villager (Male) |
| 20:10 | Build | Farm |
| 20:13 | Build | Farm |
| 20:14 | Queue | Villager (Male) |
| 20:16 | Build | Farm |
| 20:20 | Build | Farm |
| 20:21 | Queue | Villager (Male) |
| 20:25 | Build | Farm |
| 20:37 | Queue | Villager (Male) |
| 20:37 | Queue | Villager (Male) |
| 20:45 | Queue | Villager (Male) |
| 20:45 | Queue | Villager (Male) |
| 20:49 | Queue | Monk |
| 20:53 | Build | Mining Camp |
| 21:07 | Queue | Villager (Male) |
| 21:07 | Queue | Villager (Male) |
| 21:07 | Queue | Villager (Male) |
| 21:16 | Research | Heavy Plow |
| 21:26 | Build | Farm |
| 21:27 | Build | Farm |
| 21:28 | Build | Farm |
| 21:31 | Build | Farm |
Build order — Alian713
First 150 of 401 actions detected
| 0:01 | Queue | Villager (Male) |
| 0:01 | Queue | Villager (Male) |
| 0:02 | Build | House |
| 0:03 | Build | House |
| 0:05 | Queue | Villager (Male) |
| 0:11 | Queue | Villager (Male) |
| 1:26 | Queue | Villager (Male) |
| 1:27 | Queue | Villager (Male) |
| 1:56 | Build | Settlement |
| 1:57 | Queue | Villager (Male) |
| 2:07 | Queue | Villager (Male) |
| 2:07 | Queue | Villager (Male) |
| 2:44 | Queue | Villager (Male) |
| 3:01 | Queue | Villager (Male) |
| 3:24 | Queue | Villager (Male) |
| 3:57 | Queue | Villager (Male) |
| 4:29 | Queue | Villager (Male) |
| 4:40 | Queue | Villager (Male) |
| 4:53 | Queue | Villager (Male) |
| 4:56 | Build | Settlement |
| 5:15 | Queue | Villager (Male) |
| 5:15 | Queue | Villager (Male) |
| 5:21 | Queue | Villager (Male) |
| 5:44 | Queue | Villager (Male) |
| 6:04 | Queue | Villager (Male) |
| 6:17 | Queue | Villager (Male) |
| 6:42 | Queue | Villager (Male) |
| 7:15 | Queue | Villager (Male) |
| 7:24 | Queue | Villager (Male) |
| 8:04 | Queue | Villager (Male) |
| 8:45 | Build | Settlement |
| 8:48 | Research | Feudal Age |
| 8:49 | Research | Feudal Age |
| 10:58 | Age | Feudal Age |
| 11:01 | Queue | Villager (Male) |
| 11:01 | Queue | Villager (Male) |
| 11:03 | Build | Market |
| 11:05 | Build | Blacksmith |
| 11:25 | Research | Horse Collar |
| 11:29 | Research | Double-Bit Axe |
| 11:29 | Research | Double-Bit Axe |
| 11:56 | Research | Castle Age |
| 13:52 | Build | Farm |
| 14:36 | Age | Castle Age |
| 14:37 | Queue | Villager (Male) |
| 14:37 | Queue | Villager (Male) |
| 14:39 | Build | Town Center |
| 14:43 | Build | Town Center |
| 14:55 | Queue | Villager (Male) |
| 14:59 | Research | Bow Saw |
| 15:02 | Research | Heavy Plow |
| 15:02 | Research | Heavy Plow |
| 15:04 | Queue | Villager (Male) |
| 15:35 | Queue | Villager (Male) |
| 15:37 | Build | House |
| 15:42 | Build | Farm |
| 15:43 | Build | Farm |
| 15:43 | Build | Farm |
| 15:43 | Build | Farm |
| 16:08 | Queue | Villager (Male) |
| 16:08 | Queue | Villager (Male) |
| 16:09 | Queue | Villager (Male) |
| 16:09 | Queue | Villager (Male) |
| 16:13 | Research | Loom |
| 16:15 | Queue | Villager (Male) |
| 16:15 | Queue | Villager (Male) |
| 16:17 | Build | Farm |
| 16:18 | Build | Farm |
| 16:18 | Build | Farm |
| 16:20 | Queue | Villager (Male) |
| 16:22 | Queue | Villager (Male) |
| 16:22 | Queue | Villager (Male) |
| 16:25 | Build | Farm |
| 16:51 | Build | Farm |
| 16:52 | Build | Farm |
| 16:52 | Build | Farm |
| 16:53 | Queue | Villager (Male) |
| 16:55 | Build | Farm |
| 16:55 | Build | Farm |
| 16:56 | Build | Farm |
| 17:13 | Build | Outpost |
| 17:15 | Queue | Villager (Male) |
| 17:15 | Queue | Villager (Male) |
| 17:24 | Research | Town Watch |
| 17:24 | Research | Town Watch |
| 17:28 | Build | Farm |
| 17:30 | Build | Farm |
| 17:32 | Build | Farm |
| 17:32 | Build | Farm |
| 17:33 | Build | Farm |
| 17:33 | Build | Farm |
| 17:41 | Queue | Villager (Male) |
| 17:41 | Queue | Villager (Male) |
| 18:02 | Queue | Villager (Male) |
| 18:03 | Queue | Villager (Male) |
| 18:07 | Build | Farm |
| 18:07 | Build | Farm |
| 18:17 | Queue | Villager (Male) |
| 18:18 | Queue | Villager (Male) |
| 18:22 | Build | House |
| 18:23 | Build | House |
| 18:24 | Build | House |
| 18:26 | Build | House |
| 18:33 | Build | Outpost |
| 18:34 | Queue | Villager (Male) |
| 18:34 | Queue | Villager (Male) |
| 18:45 | Queue | Villager (Male) |
| 18:45 | Queue | Villager (Male) |
| 18:50 | Build | Farm |
| 18:50 | Build | Farm |
| 18:50 | Build | Farm |
| 18:50 | Build | Farm |
| 19:02 | Build | Farm |
| 19:02 | Build | Farm |
| 19:02 | Build | Farm |
| 19:04 | Queue | Villager (Male) |
| 19:12 | Build | Outpost |
| 19:13 | Build | Outpost |
| 19:14 | Build | Outpost |
| 19:15 | Build | Outpost |
| 19:18 | Build | Outpost |
| 19:20 | Queue | Villager (Male) |
| 19:21 | Queue | Villager (Male) |
| 19:23 | Queue | Villager (Male) |
| 19:23 | Queue | Villager (Male) |
| 19:33 | Queue | Villager (Male) |
| 19:38 | Build | Farm |
| 19:38 | Build | Farm |
| 19:39 | Queue | Villager (Male) |
| 19:39 | Queue | Villager (Male) |
| 19:54 | Queue | Villager (Male) |
| 20:05 | Queue | Villager (Male) |
| 20:09 | Queue | Villager (Male) |
| 20:09 | Queue | Villager (Male) |
| 20:12 | Queue | Villager (Male) |
| 20:20 | Build | Farm |
| 20:20 | Build | Farm |
| 20:20 | Build | Farm |
| 20:20 | Build | Farm |
| 20:20 | Build | Farm |
| 20:30 | Queue | Villager (Male) |
| 20:32 | Queue | Villager (Male) |
| 20:35 | Build | Farm |
| 20:36 | Build | Farm |
| 20:36 | Build | Farm |
| 20:37 | Queue | Villager (Male) |
| 20:38 | Queue | Villager (Male) |
| 21:01 | Queue | Villager (Male) |
| 21:01 | Queue | Villager (Male) |
| 21:03 | Queue | Villager (Male) |
Match timeline
| 0:08 | Banztenak_19 · first_building Dock |
| 1:41 | flightlessbird · first_building Dock |
| 3:46 | NOC | Terz · first_building Dock |
| 4:26 | SharkAoE · first_building Dock |
| 4:30 | Timbrhoggvandi · first_building Dock |
| 6:29 | CharChar · first_building Dock |
| 10:24 | NOC | Terz · first_building Barracks |
| 10:31 | flightlessbird · age_up feudal |
| 10:35 | SharkAoE · age_up feudal |
| 10:36 | TrickyMicky90 · age_up feudal |
| 10:56 | Timbrhoggvandi · age_up feudal |
| 10:58 | Alian713 · age_up feudal |
| 11:26 | flightlessbird · first_market_sell 100 wood |
| 11:39 | Banztenak_19 · age_up feudal |
| 11:45 | SharkAoE · first_market_buy 100 food |
| 11:46 | SharkAoE · first_market_sell 100 wood |
| 11:46 | NOC | Terz · age_up feudal |
| 11:56 | CharChar · age_up feudal |
| 12:01 | NOC | Terz · first_building Archery Range |
| 14:07 | flightlessbird · age_up castle |
| 14:23 | TrickyMicky90 · age_up castle |
| 14:34 | SharkAoE · age_up castle |
| 14:36 | Alian713 · age_up castle |
| 14:38 | TrickyMicky90 · first_market_buy 100 food |
| 14:56 | Timbrhoggvandi · age_up castle |
| 15:27 | Banztenak_19 · age_up castle |
| 15:31 | Timbrhoggvandi · first_building Castle |
| 15:32 | CharChar · age_up castle |
| 15:50 | Timbrhoggvandi · wall_segment Palisade Wall x1 |
| 15:54 | Timbrhoggvandi · wall_segment Palisade Wall x1 |
| 15:56 | Timbrhoggvandi · wall_segment Palisade Wall x1 |
| 16:14 | NOC | Terz · age_up castle |
| 16:17 | NOC | Terz · first_building Monastery |
| 16:34 | SharkAoE · first_building Siege Workshop |
| 16:35 | Timbrhoggvandi · first_market_buy 100 wood |
| 17:06 | Alian713 · first_market_buy 100 stone |
| 17:35 | TrickyMicky90 · first_building Monastery |
| 18:31 | SharkAoE · wall_segment Palisade Wall x1 |
| 18:41 | Banztenak_19 · first_building Monastery |
| 19:36 | Banztenak_19 · first_building Siege Workshop |
| 20:15 | Timbrhoggvandi · first_market_sell 100 wood |
| 20:20 | SharkAoE · first_building Barracks |
| 20:52 | NOC | Terz · first_building Siege Workshop |
| 22:34 | flightlessbird · first_building Monastery |
| 22:47 | CharChar · first_building Monastery |
| 22:50 | Alian713 · first_building Monastery |
| 23:13 | flightlessbird · first_building Siege Workshop |
| 23:17 | Alian713 · first_building Barracks |
| 23:45 | Banztenak_19 · first_building Barracks |
| 23:53 | SharkAoE · first_building Archery Range |
| 23:55 | Alian713 · first_market_sell 100 wood |
| 25:12 | Banztenak_19 · first_building Castle |
| 25:15 | CharChar · first_market_sell 100 food |
| 25:24 | CharChar · first_building Siege Workshop |
| 25:34 | Alian713 · first_building Archery Range |
| 25:58 | SharkAoE · first_building Castle |
| 26:15 | TrickyMicky90 · first_market_sell 500 wood |
| 26:16 | flightlessbird · wall_segment Stone Wall x1 |
| 27:06 | flightlessbird · first_building Barracks |
| 27:22 | CharChar · first_market_buy 100 stone |
| 27:28 | TrickyMicky90 · first_building Siege Workshop |
| 27:31 | CharChar · first_building Castle |
| 27:32 | NOC | Terz · first_building Castle |
| 27:39 | NOC | Terz · first_building Stable |
| 27:45 | CharChar · first_building Barracks |
| 27:52 | TrickyMicky90 · first_building Castle |
| 27:58 | flightlessbird · first_building Stable |
| 28:19 | Alian713 · age_up imperial |
| 28:27 | flightlessbird · first_building Castle |
| 28:31 | TrickyMicky90 · first_building Barracks |
| 29:07 | NOC | Terz · age_up imperial |
| 29:16 | Alian713 · first_building Castle |
| 29:16 | Banztenak_19 · age_up imperial |
| 29:27 | TrickyMicky90 · first_building Stable |
| 29:34 | TrickyMicky90 · age_up imperial |
| 29:49 | flightlessbird · age_up imperial |
| 29:50 | CharChar · first_building Archery Range |
| 29:53 | CharChar · age_up imperial |
| 30:22 | Banztenak_19 · first_market_buy 100 wood |
| 30:38 | TrickyMicky90 · first_building Krepost |
| 31:33 | flightlessbird · first_market_buy 100 stone |
| 31:37 | SharkAoE · age_up imperial |
| 31:44 | Banztenak_19 · first_market_sell 100 food |
| 32:30 | flightlessbird · wall_segment Stone Wall x4 |
| 32:50 | Alian713 · tribute_sent a jugador 1 |
| 32:50 | Alian713 · tribute_sent a jugador 2 |
| 32:50 | Alian713 · tribute_sent a jugador 3 |
| 32:50 | Alian713 · tribute_sent a jugador 4 |
| 32:50 | Alian713 · tribute_sent a jugador 5 |
| 32:50 | Alian713 · tribute_sent a jugador 6 |
| 32:50 | Alian713 · tribute_sent a jugador 7 |
| 33:20 | NOC | Terz · first_market_sell 100 food |
| 34:12 | Timbrhoggvandi · first_building Siege Workshop |
| 35:07 | Alian713 · tribute_sent a jugador 1 |
| 35:07 | Alian713 · tribute_sent a jugador 2 |
| 35:07 | Alian713 · tribute_sent a jugador 3 |
| 35:07 | Alian713 · tribute_sent a jugador 4 |
| 35:07 | Alian713 · tribute_sent a jugador 5 |
| 35:07 | Alian713 · tribute_sent a jugador 6 |
| 35:07 | Alian713 · tribute_sent a jugador 7 |
| 36:06 | Timbrhoggvandi · age_up imperial |
| 37:17 | NOC | Terz · tribute_sent a jugador 1 |
| 37:17 | NOC | Terz · tribute_sent a jugador 3 |
| 37:17 | NOC | Terz · tribute_sent a jugador 4 |
| 37:17 | NOC | Terz · tribute_sent a jugador 5 |
| 37:17 | NOC | Terz · tribute_sent a jugador 6 |
| 37:17 | NOC | Terz · tribute_sent a jugador 7 |
| 37:17 | NOC | Terz · tribute_sent a jugador 8 |
| 37:21 | TrickyMicky90 · tribute_sent a jugador 1 |
| 37:21 | TrickyMicky90 · tribute_sent a jugador 2 |
| 37:21 | TrickyMicky90 · tribute_sent a jugador 3 |
| 37:21 | TrickyMicky90 · tribute_sent a jugador 4 |
| 37:21 | TrickyMicky90 · tribute_sent a jugador 5 |
| 37:21 | TrickyMicky90 · tribute_sent a jugador 7 |
| 37:21 | TrickyMicky90 · tribute_sent a jugador 8 |
| 38:45 | NOC | Terz · tribute_sent a jugador 1 |
| 38:45 | NOC | Terz · tribute_sent a jugador 3 |
| 38:45 | NOC | Terz · tribute_sent a jugador 4 |
| 38:45 | NOC | Terz · tribute_sent a jugador 5 |
| 38:45 | NOC | Terz · tribute_sent a jugador 6 |
| 38:45 | NOC | Terz · tribute_sent a jugador 7 |
| 38:45 | NOC | Terz · tribute_sent a jugador 8 |
| 39:29 | TrickyMicky90 · tribute_sent a jugador 1 |
| 39:29 | TrickyMicky90 · tribute_sent a jugador 2 |
| 39:29 | TrickyMicky90 · tribute_sent a jugador 3 |
| 39:29 | TrickyMicky90 · tribute_sent a jugador 4 |
| 39:29 | TrickyMicky90 · tribute_sent a jugador 5 |
| 39:29 | TrickyMicky90 · tribute_sent a jugador 7 |
| 39:29 | TrickyMicky90 · tribute_sent a jugador 8 |
| 39:45 | Timbrhoggvandi · resign |
[ AI ANALYSIS · 1 CREDIT ]
What really happened in this match?
Wolo.gg analyzes every decision: build order, eco, micro, common mistakes by bracket. Personalized analysis on WhatsApp or Discord in 30 seconds.
Civ guide
Italians
Perfil
Jugador #1264634